 Dungeon Crawl Stone Soup version 0.31-a0-174-g85c54bcb58 (webtiles) character file.

Game seed: 3580972677487056567

327 qw the Chopper (level 6, -4/39 HPs)
             Began as a Gargoyle Fighter on June 15, 2023.
             Slain by Edmund
             ... wielding a +1 flail of draining
              (7 damage)
             ... on level 4 of the Dungeon.
             The game lasted 00:01:24 (3080 turns).

qw the Chopper (Gargoyle Fighter)                   Turns: 3080, Time: 00:01:24

Health: -4/39      AC: 14    Str: 22    XL:     6   Next: 50%
Magic:  6/6        EV:  8    Int:  8    God:
Gold:   117        SH:  4    Dex:  9    Spells: 5/5 levels left

rFire   . . .        Y - +1 war axe
rCold   . . .        c - +0 buckler
rNeg    + . .        l - +1 chain mail {rPois}
rPois   inf          (no helmet)
rElec   +            (no cloak)
rCorr   .            (no gloves)
SInv    .            (no boots)
Will    .....        (no amulet) Stlth
                     (no ring)
HPRegen 0.26/turn    (no ring)
MPRegen 0.10/turn

%: no passive effects
@: no status effects
A: sickness immunity, AC +4, negative energy resistance 1, electricity
resistance, torment resistance 1, petrification resistance
a: no special abilities


You were on level 4 of the Dungeon.
You visited 1 branch of the dungeon, and saw 4 of its levels.

You collected 117 gold pieces.


Innate Abilities, Weirdness & Mutations

You are immune to sickness and miasma.
Your stone body is resilient. (AC +4)
You are immune to poison.
You resist negative energy. (rN+)
You are resistant to electric shocks. (rElec)
You are resistant to unholy torment.
You are immune to petrification.


   Skills:
 - Level 4.6 Fighting
 + Level 5.4 Axes
 - Level 3.2 Armour
 - Level 3.2 Shields


You had 5 spell levels left.
You didn't know any spells.
Your spell library was empty.

Inventory:

Hand Weapons
 f - a +0 hand axe of flaming
 Y - a +1 war axe (weapon)
Armour
 c - a +0 buckler (worn)
 l - a +1 chain mail of poison resistance (worn)
Potions
 d - a potion of might
 g - a potion of heal wounds {unknown}
 h - 2 potions of attraction
 i - a potion of berserk rage {unknown}
 k - a potion of curing {unknown}

Dungeon Overview and Level Annotations

Branches:
Dungeon (4/15)
 Temple: D:4-7

Altars:
Hepliaklqana
Qazlal
Yredelemnul

Annotations:
D:3 2 runed translucent doors, qw's ghost, amateur NaHu
D:4 Edmund


Message History

You hit the orc. You barely miss Edmund. The orc hits you but does no damage.
Edmund hits you with a +1 flail of draining.
You hit the ogre.
The ogre is heavily wounded.
You slash the orc!
You kill the orc!
You barely miss Edmund.
Edmund hits you with a +1 flail of draining.
The ogre barely misses you.
Edmund hits you with a +1 flail of draining.
The giant cockroach closely misses you.
You hit the ogre.
The ogre is heavily wounded.
You slash the giant cockroach!
You kill the giant cockroach!
You completely miss Edmund. The ogre closely misses you.
Edmund hits you with a +1 flail of draining!
You slash the ogre!
You kill the ogre!
You barely miss Edmund. Edmund hits you but does no damage.
Your Fighting skill increases to level 4!
You closely miss Edmund.
Edmund hits you with a +1 flail of draining!
Edmund closely misses you.
You slash Edmund!
Edmund is moderately wounded.
You block Edmund's attack.
You hit Edmund but do no damage.
Edmund is moderately wounded.
Edmund hits you with a +1 flail of draining.
You hit Edmund but do no damage.
Edmund is moderately wounded.
Edmund hits you with a +1 flail of draining.
You hit Edmund.
Edmund is moderately wounded.
Edmund hits you with a +1 flail of draining!
You die...

...............
................
................
................
................
................
.......)@)....#
........@....#
.......)...$.#
........<..#..#
..........## #.#
..........# .
.........##
........##
........#
.........


You could see Edmund.

Vanquished Creatures
  A centaur (D:3)
  An ogre (D:4)
  4 gnolls (D:2)
  5 adders
  A worm (D:3)
  3 dart slugs
  3 orcs
  5 endoplasms
  3 giant cockroaches
  6 goblins
  9 hobgoblins
  4 jackals (D:2)
  3 quokkas
  5 ball pythons
  7 bats
  A frilled lizard (D:2)
  2 kobolds
  8 rats
  A spectral orc (D:3)
72 creatures vanquished.

Notes
Turn   | Place    | Note
-------+----------+-------------------------------------------
     0 | D:1      | qw the Gargoyle Fighter began the quest for the Orb.
     0 | D:1      | Reached XP level 1. HP: 14/14 MP: 1/1
     0 | D:1      | 0 ||| qw: Version: 0.2-a-29-g511e9b1
     0 | D:1      | 0 ||| qw: Game counter: 5272
     0 | D:1      | 0 ||| qw: Always use a shield: true
     0 | D:1      | 0 ||| qw: God list: Okawaru
     0 | D:1      | 0 ||| qw: Allow faded altars: false
     0 | D:1      | 0 ||| qw: Do Orc after D:15 true
     0 | D:1      | 0 ||| qw: Do second Lair branch before Depths: true
     0 | D:1      | 0 ||| qw: Lair rune preference: random
     0 | D:1      | 0 ||| qw: Plans: Normal, Zot:1-4, Slime:5, God:TSO, Crypt,
                  | Tomb, Abyss, Pan, Hells, Win
     0 | D:1      | 0 ||| PLANNING D:1-11
    48 | D:1      | Reached skill level 2 in Axes
    63 | D:1      | Found a faded altar of an unknown god.
   309 | D:1      | 309 ||| Stepping ~*~*~tactically~*~*~ (hiding).
   310 | D:1      | 310 ||| Stepping ~*~*~tactically~*~*~ (hiding).
   319 | D:1      | Reached XP level 2. HP: 19/19 MP: 2/2
   817 | D:1      | 817 ||| Stepping ~*~*~tactically~*~*~ (stealth).
   896 | D:1      | 896 ||| READING scroll labelled FEICRA DAICRUT.
   897 | D:1      | 897 ||| DRINKING 3 ruby potions.
   937 | D:2      | Reached skill level 3 in Axes
   937 | D:2      | Reached XP level 3. HP: 17/23 MP: 3/3
   974 | D:2      | 974 ||| Stepping ~*~*~tactically~*~*~ (stealth).
   977 | D:2      | 977 ||| Stepping ~*~*~tactically~*~*~ (stealth).
   998 | D:2      | 998 ||| Stepping ~*~*~tactically~*~*~ (stealth).
  1141 | D:2      | 1141 ||| Stepping ~*~*~tactically~*~*~ (stealth).
  1142 | D:2      | 1142 ||| Stepping ~*~*~tactically~*~*~ (stealth).
  1143 | D:2      | 1143 ||| Stepping ~*~*~tactically~*~*~ (stealth).
  1212 | D:2      | Reached XP level 4. HP: 25/28 MP: 4/4
  1260 | D:2      | 1260 ||| Stepping ~*~*~tactically~*~*~ (hiding).
  1261 | D:2      | 1261 ||| Stepping ~*~*~tactically~*~*~ (hiding).
  1552 | D:2      | Reached skill level 4 in Axes
  1663 | D:2      | Found a stormy altar of Qazlal.
  1848 | D:2      | 1848 ||| UPGRADING to +1 chain mail of poison resistance.
  1858 | D:2      | 1858 ||| DROPPING +0 scale mail.
  1859 | D:2      | 1859 ||| READING scroll labelled MANEOT VOAHEM.
  1860 | D:2      | 1860 ||| READING scroll labelled MITIS TOEBOOF.
  1861 | D:2      | 1861 ||| READING scroll labelled RUXAOTRILIH.
  1862 | D:2      | 1862 ||| READING scroll labelled HAORIPSAVA.
  1912 | D:3      | Reached XP level 5. HP: 32/32 MP: 5/5
  1989 | D:3      | Found a runed translucent door.
  1993 | D:3      | Noticed qw's ghost (amateur NaHu)
  2261 | D:3      | Noticed a centaur
  2270 | D:3      | Killed a centaur
  2271 | D:3      | Reached skill level 5 in Axes
  2396 | D:3      | Reached XP level 6. HP: 34/37 MP: 6/6
  2528 | D:3      | Found a hazy altar of Hepliaklqana.
  2529 | D:3      | Found a faded altar of an unknown god.
  2531 | D:3      | Found a faded altar of an unknown god.
  2600 | D:3      | Found a runed translucent door.
  2959 | D:3      | Found a basalt altar of Yredelemnul.
  3003 | D:3      | 3003 ||| READING scroll labelled SOSARGH NAXT.
  3004 | D:3      | 3004 ||| READING scroll labelled ZUNTEDU UGGECKOI.
  3005 | D:3      | 3005 ||| READING scroll labelled LAUGEA JOACVU.
  3006 | D:3      | 3006 ||| READING scroll labelled DOEPEDYTANG.
  3066 | D:4      | Noticed Edmund
  3069 | D:4      | 3069 ||| FLEEEEING.
  3076 | D:4      | HP: 4/39 [Edmund/+1 flail of draining (7)]
  3080 | D:4      | Slain by Edmund

Levels and vault maps discovered:
D:1:      tekkud_arrival_beachfront_property, layout_basic, serial_forest,
          infiniplex_forest_lined_ring, infiniplex_forest_straight_4,
          infiniplex_forest_lined_room_3, infiniplex_forest_clump_curved,
          shapermc_ecumenical_altar_rom_forum, chequers_serial_rivers_micro_d,
          minmay_split_cup_small
D:2:      layout_basic, basic_altar, grunt_ministairs_8
D:3:      layout_loops_corners, nicolae_hepliaklqana_ecumenical_no_more,
          yredelemnul_forgotten_temple_becter, ebering_ghost_sewer_f
D:4:      layout_layer_cave, elyvilon_altar_3, uniq_edmund

Skill      XL: |  1  2  3  4  5  6 |
---------------+-------------------+-----
Axes           | 2 3 4 5 |  5.4
Fighting       | 4 |  4.6
Armour         | |  3.2
Shields        | |  3.2

Action                     |  1- 3 |  4- 6 || total
---------------------------+-------+-------++-------
  Melee: War axe           |    92 |   124 ||   216
    Use: Scroll            |     1 |     8 ||     9
         Potion            |     1 |       ||     1
 Armour: Scale mail        |    58 |    14 ||    72
         Chain mail        |       |    47 ||    47
  Dodge: Dodged            |    38 |    51 ||    89
  Block: Buckler           |    17 |    18 ||    35

Table legend:
 A = Non-vault XP
 B = Vault XP
 C = Vault XP percentage of total XP
 D = Non-vault monster count
 E = Vault monster count
 F = Vault count percentage of total count
                 A         B        C        D         E       F
            +---------+---------+-------+---------+---------+-------
      Total |     458 |      10 |   2.1 |      66 |       6 |   8.3
            +---------+---------+-------+---------+---------+-------
        D:1 |      18 |       5 |  21.7 |      13 |       3 |  18.8
        D:2 |     136 |       4 |   2.9 |      29 |       2 |   6.5
        D:3 |     162 |       1 |   0.6 |      16 |       1 |   5.9
        D:4 |     142 |       0 |   0.0 |       8 |       0 |   0.0
            +---------+---------+-------+---------+---------+-------
